 Dungeon Crawl Stone Soup version 0.30-a0-341-g682706514a (webtiles) character file.

Game seed: 14722916709136053192

12222 Shayle the Martial Artist (level 12, -7/86 HPs)
             Began as a Djinni Reaver on Nov 5, 2022.
             Was a Priest of Makhleb.
             Mangled by a sixfirhy (9 damage)
             ... summoned by a kobold demonologist
             ... on level 9 of the Dungeon.
             The game lasted 00:53:26 (11374 turns).

Shayle the Martial Artist (Djinni Reaver)          Turns: 11374, Time: 00:53:27

Health: -7/86      AC: 15    Str: 11    XL:     12   Next: 17%
Gold:   1048       EV:  9    Int: 19    God:    Makhleb [***...] SH:  5 Dex: 13

rFire   + . .      SeeInvis .    H - +4 spear (venom)
rCold   . . .      Faith    .    I - +0 buckler
rNeg    + . .      Spirit   .    e - +3 pearl dragon scales
rPois   ∞          Reflect  .    (no helmet)
rElec   .          Harm     .    (no cloak)
rCorr   .          Rampage  .    (no gloves)
Will    +....                    (boots unavailable)
Stlth   +.........               (no amulet)
HPRegen 0.34/turn                g - ring of wizardry
MPRegen 0.00/turn                d - ring of ice

@: flying, slowed, very slow
A: sickness immunity, fire resistance 2, cold vulnerability 1, float, innate
caster, HP casting, extra vitality 1
a: Renounce Religion, Minor Destruction, Lesser Servant of Makhleb


You were on level 9 of the Dungeon.
You worshipped Makhleb.
Makhleb was most pleased with you.
You visited 2 branches of the dungeon, and saw 12 of its levels.
You also visited: Bailey.

You collected 2289 gold pieces.
You spent 1241 gold pieces at shops.

Inventory:

Hand Weapons
 p - a +2 short sword of venom
 C - a +5 war axe of freezing
 E - a +1 demon whip of venom
 H - a +4 spear of venom (weapon)
 M - a +0 broad axe
Missiles
 j - 3 curare-tipped darts (quivered)
 t - 3 throwing nets
 L - 7 datura-tipped darts
Armour
 a - a +1 leather armour
 e - +3 pearl dragon scales (worn)
 o - +0 steam dragon scales
 I - a +0 buckler (worn)
Jewellery
 d - a ring of ice (right hand)
 g - a ring of wizardry (left hand)
 u - a +6 ring of dexterity
 y - an amulet of faith
Wands
 v - a wand of polymorph (2)
 x - a wand of paralysis (2)
Scrolls
 b - a scroll of immolation {unknown}
 c - a scroll of teleportation
 f - 2 scrolls of identify
 h - 2 scrolls of butterflies {unknown}
 i - a scroll of brand weapon {unknown}
 n - 2 scrolls of noise {unknown}
 q - 4 scrolls of amnesia
 s - a scroll of poison
 z - a scroll of blinking
 B - a scroll of silence {unknown}
 O - a scroll of fear
 P - a scroll of magic mapping {unknown}
Potions
 k - a potion of mutation
 l - a potion of berserk rage {unknown}
 m - a potion of brilliance {unknown}
 r - 2 potions of attraction
 w - 3 potions of degeneration
 A - 3 potions of invisibility
 D - a potion of magic {unknown}
 F - 3 potions of lignification
 G - a potion of haste {unknown}
 N - a potion of cancellation {unknown}
Miscellaneous
 J - a tin of tremorstones (2/2)


   Skills:
 + Level 7.9 Fighting
 + Level 5.9 Armour
 - Level 5.6 Dodging
 - Level 4.0 Stealth
 + Level 3.9 Shields
 + Level 8.3 Unarmed Combat
 + Level 8.2 Spellcasting
 + Level 5.7 Invocations


You had 9 spell levels left.
You knew the following spells:

 Your Spells              Type           Power      Damage    Failure   Level
a - Kiss of Death         Conj/Necr      100%       2d13      1%          1
b - Momentum Strike       Conj/Tloc      78%        3d10      1%          2
c - Hailstorm             Conj/Ice       56%        3d12      3%          3
d - Magic Dart            Conj           100%       1d8       1%          1
e - Searing Ray           Conj           78%        2d7       1%          2
f - Poisonous Vapours     Pois/Air       78%        N/A       1%          2
g - Inner Flame           Hex/Fire       39%        N/A       3%          3
h - Animate Armour        Summ/Erth      78%        N/A       11%         4
Your spell library was empty.

Dungeon Overview and Level Annotations

Branches:
Dungeon (11/15)            Temple (1/1) D:7          Bailey (visited)
   Lair: D:8-11         Orc: D:9-12

Altars:
Ashenzari
Cheibriados
Dithmenos
Elyvilon
Fedhas
Gozag
Hepliaklqana
Makhleb
Nemelex Xobeh
Okawaru
Qazlal
Ru
Trog
Uskayaw
Wu Jian
Xom
Yredelemnul
Zin
The Shining One

Shops:
D:6 [   D:10 :!

Annotations:
D:7 5 runed translucent doors
D:10 Nergalle


Innate Abilities, Weirdness & Mutations

You are immune to sickness and miasma.
You are immune to poison.
Your flesh is very heat resistant. (rF++)
You are vulnerable to cold. (rC-)
You float through the air rather than walking.
You learn spells naturally, not from books.
Your magical power is your life essence.
You have superior vitality. (+4 MHP)


Message History

You feel a surge of power!
A cannonade of hail descends around you!
The hail pelts the kobold demonologist!!
The kobold demonologist is almost dead.
The hail pelts the white imp!
The white imp partially resists.
You kill the white imp!
The white imp disappears in a puff of smoke!
The hail pelts the white imp!
The white imp partially resists.
The white imp is almost dead.
The hail pelts the iron imp!
The iron imp partially resists.
The iron imp is almost dead.
The sixfirhy hits you. The sixfirhy shocks you!
The sixfirhy barely misses you. x2
The sixfirhy hits you but does no damage.
Erica casts a spell at you. The lance of force hits you!
You are knocked back by the lance of force.
You slam into the rock wall!
Okay, then.
Erica attacks as you move away!
Erica hits you with a +1 scimitar of flaming.
* * * LOW HITPOINT WARNING * * *
The sixfirhy attacks as you move away! You block the sixfirhy's attack.
You kill Erica!
Makhleb accepts your kill.
The kobold demonologist mumbles some strange words.
The white imp gestures at you. The puff of frost hits you!
* * * LOW HITPOINT WARNING * * *
The kobold demonologist miscasts a cantrip.
You feel better. The sixfirhy barely misses you.
The sixfirhy hits you but does no damage.
The sixfirhy hits you.
* * * LOW HITPOINT WARNING * * *
The sixfirhy shocks you!
* * * LOW HITPOINT WARNING * * *
The kobold demonologist casts a spell.
The sixfirhy hits you!
* * * LOW HITPOINT WARNING * * *
The sixfirhy shocks you!
You die...

..........############
..###.#...........# .##
#.#...#######.# # .# #.#.#.#
#.# # .# #.#.#.# #.## # .#
#.#.#.# ###..#### # .####.#.#.#
#..>....# #
.#......#.#####.#####.# #
.....)..........@3.K#.# #######
#####.....#..#####55#.#
##...... ....#.#.#..###
#...4#.####.#.####
###.#.#.#.##..##.#..#÷)...###.#
#
'.#)'...#[##...#..)..>####.#.##
# ###.#.#...# ##.....### ##.##
# o.W.#.#.#.# #)#.#..#########
# #####.#.#.....#..#........###
# ...#.#...##..#..<.......# #


You could see a kobold demonologist, a sixfirhy (summoned), a red devil
(summoned), an iron imp (summoned) and a white imp (summoned).

Vanquished Creatures
  Erica (D:9)
  3 two-headed ogres
  Amaemon (D:10)
  2 ugly things (D:8)
  A manticore (D:8)
  A kobold demonologist (D:9)
  An orange demon (D:10)
  Grinder (D:4)
  A shadow (D:10)
  2 steam dragons
  5 yaks
  A basilisk (D:9)
  Menkaure (D:7)
  3 acid dragons
  A water moccasin (D:8)
  9 orc warriors
  3 sky beasts
  2 ice beasts (D:6)
  2 ogres (D:5)
  A black bear (D:8)
  2 wolves (D:10)
  A centaur (D:8)
  9 kobold brigands
  Blork the orc (D:5)
  A phantom (D:5)
  2 gnoll sergeants (D:9)
  3 bullfrogs
  5 necrophages
  4 scorpions
  6 wights
  A killer bee (D:8)
  6 howler monkeys
  4 crimson imps (D:7)
  11 hounds
  A jelly (D:5)
  4 orc priests
  3 iguanas
  4 orc wizards
  4 gnolls (D:9)
  7 adders
  3 white imps
  An ufetubus (D:5)
  2 worms
  2 dart slugs (D:4)
  24 orcs
  7 endoplasms
  2 giant cockroaches
  14 goblins
  3 hobgoblins
  6 quokkas
  7 ball pythons
  8 bats
  A frilled lizard (D:1)
  23 kobolds
  4 rats
228 creatures vanquished.

Vanquished Creatures (collateral kills)
  Joseph (D:10)
  3 yaks (D:10)
4 creatures vanquished.

Vanquished Creatures (others)
  A howler monkey (D:9)
  12 plants (D:9)
13 creatures vanquished.

Grand Total: 245 creatures vanquished

Notes
Turn   | Place    | Note
-------+----------+-------------------------------------------
     0 | D:1      | Shayle the Djinni Reaver began the quest for the Orb.
     0 | D:1      | Shayle set off with the following spells memorised: Kiss of
                  | Death, Momentum Strike, Hailstorm.
     0 | D:1      | Reached XP level 1. HP: 18/18 MP: 0/0
   110 | D:1      | Reached XP level 2. HP: 23/23 MP: 0/0
   641 | D:1      | Reached XP level 3. HP: 28/28 MP: 0/0
   641 | D:1      | Learned a level 1 spell: Magic Dart
   759 | D:2      | Found a faded altar of an unknown god.
  1078 | D:2      | Reached XP level 4. HP: 30/34 MP: 0/0
  1115 | D:2      | Reached skill level 1 in Stealth
  1140 | D:2      | Found a white marble altar of Elyvilon.
  1155 | D:2      | Identified the +0 tower shield of Paor {rElec rC+ Str-3
                  | Stlth+}
  1808 | D:3      | Found a white marble altar of Elyvilon.
  1830 | D:3      | Reached XP level 5. HP: 33/39 MP: 0/0
  1830 | D:3      | Learned a level 2 spell: Searing Ray
  1968 | D:4      | Noticed Grinder
  2322 | D:4      | Found a blossoming altar of Fedhas.
  2340 | D:4      | Reached XP level 6. HP: 39/46 MP: 0/0
  2390 | D:4      | Paralysed by Grinder for 2 turns
  2443 | D:4      | Killed Grinder
  2444 | D:4      | Reached XP level 7. HP: 39/50 MP: 0/0
  2444 | D:4      | Learned a level 2 spell: Poisonous Vapours
  2998 | D:5      | Entered Level 5 of the Dungeon
  3418 | D:5      | Noticed Blork the orc
  3433 | D:5      | Killed Blork the orc
  3434 | D:5      | Reached XP level 8. HP: 33/58 MP: 0/0
  3849 | D:5      | Reached skill level 5 in Spellcasting
  4274 | D:6      | Reached skill level 5 in Dodging
  4274 | D:6      | Reached skill level 5 in Unarmed Combat
  4475 | D:6      | Reached XP level 9. HP: 24/63 MP: 0/0
  4475 | D:6      | Learned a level 3 spell: Inner Flame
  4878 | D:6      | Reached skill level 5 in Fighting
  5057 | D:6      | Found Heinrich's Dragon-Slaying Spoils.
  5621 | D:7      | Found a staircase to the Ecumenical Temple.
  5629 | Temple   | Entered the Ecumenical Temple
  5784 | Temple   | Became a worshipper of Makhleb the Destroyer
  5821 | D:7      | Found a shimmering altar of Xom.
  5856 | D:7      | Reached skill level 1 in Armour
  5856 | D:7      | Reached skill level 1 in Invocations
  5987 | D:7      | Found a broken altar of Ashenzari.
  6026 | D:7      | Noticed Menkaure
  6044 | D:7      | Killed Menkaure
  6261 | D:7      | Noticed a boulder beetle
  6575 | D:7      | Found the +9 staff of Olgreb {rPois∞}
  6601 | D:7      | Found a runed translucent door.
  6606 | D:7      | Found a runed translucent gate.
  6606 | D:7      | Found a runed translucent gate.
  6607 | D:7      | Found a runed translucent door.
  6619 | D:7      | Found a runed translucent gate.
  6634 | D:7      | Found a stormy altar of Qazlal.
  6737 | D:8      | Found a runed translucent door.
  7052 | D:8      | Found a runed translucent door.
  7086 | D:8      | Reached * piety under Makhleb
  7089 | D:8      | Reached XP level 10. HP: 61/72 MP: 0/0
  7105 | D:8      | Identified a scroll of acquirement
  7382 | D:8      | Noticed a manticore
  7406 | D:9      | Noticed a kobold demonologist
  7532 | D:9      | Noticed Erica
  8094 | D:6      | Acquired 1129 gold pieces
  8097 | D:6      | Bought +1 pearl dragon scales for 1153 gold pieces
  8342 | D:8      | Killed a manticore
  8556 | D:8      | Noticed a two-headed ogre
  8565 | D:8      | Killed a two-headed ogre
  8630 | D:8      | Noticed a brown ugly thing
  8630 | D:8      | Noticed a brown ugly thing
  8636 | D:8      | Killed a brown ugly thing
  8642 | D:8      | Killed a white ugly thing
  8643 | D:8      | Reached XP level 11. HP: 11/78 MP: 0/0
  8643 | D:8      | Learned a level 4 spell: Animate Armour
  9111 | D:9      | Reached skill level 1 in Shields
  9270 | D:9      | Reached ** piety under Makhleb
  9318 | D:9      | Noticed a two-headed ogre
  9387 | D:9      | Killed a two-headed ogre
  9493 | D:9      | Noticed a boulder beetle
  9669 | D:10     | Entered Level 10 of the Dungeon
  9669 | D:10     | Found Oroor's Distillery.
  9674 | D:10     | Found Fabaz's Book Shoppe.
  9684 | D:10     | Noticed Joseph
  9692 | D:10     | Killed Joseph
  9697 | D:10     | Reached skill level 5 in Armour
  9700 | D:10     | Reached skill level 5 in Invocations
  9871 | D:10     | Found a flagged portal.
  9883 | D:10     | Noticed Amaemon
  9914 | D:10     | Killed Amaemon
  9920 | Bailey   | Entered a bailey
 10432 | Bailey   | Found an iron altar of Okawaru.
 10517 | D:10     | Reached *** piety under Makhleb
 10679 | D:10     | Noticed Nergalle
 10876 | D:11     | Noticed a cyclops
 10895 | D:10     | Reached XP level 12. HP: 41/84 MP: 0/0
 10897 | D:10     | Bought a potion of invisibility for 88 gold pieces
 11240 | D:10     | Noticed a two-headed ogre
 11255 | D:10     | Killed a two-headed ogre
 11371 | D:9      | Noticed a sixfirhy
 11373 | D:9      | Killed Erica
 11374 | D:9      | HP: 2/86 [sixfirhy[a kobold demonologist] (9)]
 11374 | D:9      | Mangled by a sixfirhy

Illustrated notes

Levels and vault maps discovered:
D:1:      lemuel_arrival_rhombus, layout_basic, minmay_misc_feat_cross,
          st_stairs_4
D:2:      layout_rooms, basic_ecumenical_altar, basic_altar
D:3:      layout_rooms, overflow_temple_1_default, led_sif_pool,
          glass_columns_b, corexii_shack, minmay_goblin_outpost
D:4:      layout_loops_ring, lemuel_tele_altar, uniq_grinder
D:5:      layout_loops_ring, minmay_misc_feat_four_crosses, uniq_blork_the_orc
D:6:      layout_loops_ring, nicolae_shop_dragon_depot,
          eino_small_chamber_without_monster, hangedman_decor_slide_cut,
          st_stairs_2, kennysheep_generic_room_4
D:7:      layout_rooms, kennysheep_little_box, led_xom_imps,
          ashenzari_conservatory_becter, minmay_guarded_unrand_staff_of_olgreb,
          uniq_menkaure
D:8:      cheibrodos_histonic, layout_rooms
D:9:      layout_loops_ring, minmay_shattered_shrine, uniq_erica
D:10:     layout_basic, erik_lair_island, serial_shops, nicolae_diamond_shop,
          nicolae_stop_n_shop_2, shop_coins, shop, enter_bailey_5,
          enter_trove_0, uniq_joseph, uniq_amaemon, uniq_nergalle
D:11:     layout_rooms, serial_curves, eino_curves_01, eino_curves_01,
          minivault_5, chequers_serial_rivers_micro_c, lemuel_another_geyser
Temple:   eino_temple_rhombus

Skill      XL: |  1  2  3  4  5  6  7  8  9 10 11 |
---------------+----------------------------------+-----
Stealth        | 1 2 3 4 |  4.0
Spellcasting   | 3 4 5 6 7 8 |  8.2
Dodging        | 3 4 5 |  5.6
Fighting       | 3 4 5 6 7 |  7.9
Unarmed Combat | 4 5 6 7 8 |  8.3
Armour         | 2 4 5 |  5.9
Invocations    | 1 4 5 |  5.7
Shields        | 3 |  3.9

Action                   |  1- 3 |  4- 6 |  7- 9 | 10-12 || total
-------------------------+-------+-------+-------+-------++-------
Melee: Unarmed           |   116 |       |       |       ||   116
       Punch             |     3 |     4 |     6 |     3 ||    16
       Short sword       |       |   106 |   147 |       ||   253
       War axe           |       |       |    46 |   126 ||   172
       Spear             |       |       |       |   103 ||   103
Throw: Dart              |       |       |       |    11 ||    11
       Throwing net      |       |       |       |     1 ||     1
 Cast: Magic Dart        |    14 |    17 |    82 |       ||   113
       Momentum Strike   |     2 |       |     1 |     1 ||     4
       Poisonous Vapours |       |       |    14 |     5 ||    19
       Hailstorm         |       |       |    46 |    66 ||   112
       Searing Ray       |       |       |       |     5 ||     5
       Inner Flame       |       |       |       |     3 ||     3
       Animate Armour    |       |       |       |     2 ||     2
Evoke: Wand              |       |       |     2 |    21 ||    23
  Use: Scroll            |       |     5 |     7 |    16 ||    28
       Potion            |       |       |     6 |     5 ||    11
 Stab: Sleeping          |     1 |     1 |     1 |     1 ||     4
       Paralysed         |       |       |       |     3 ||     3
Armor: Leather armour    |    39 |    25 |    43 |     2 ||   109
       Pearl dragon scal |       |       |       |   149 ||   149
Dodge: Dodged            |    81 |    76 |   126 |   154 ||   437
Block: Buckler           |       |       |       |    68 ||    68

Table legend: (Time is in decaauts)
 A = Elapsed time spent in this place.
 B = Non-inter-level travel time spent in this place.
 C = Inter-level travel time spent in this place.
 D = Time resting spent in this place.
 E = Time spent auto-exploring this place.
 F = Levels seen in this place.
 G = Mean time per level.
                   A        B        C        D        E       F      G
               +--------+--------+--------+--------+--------+-----+--------+
         Total |  11513 |  11067 |    446 |   2662 |   5278 |  13 |  885.6 |
       Dungeon |  10788 |  10364 |    424 |   2324 |   5148 |  11 |  980.7 |
        Temple |    165 |    143 |     22 |      0 |    130 |   1 |  165.0 |
        Bailey |    558 |    558 |      0 |    338 |      0 |   1 |  558.0 |
               +--------+--------+--------+--------+--------+-----+--------+

Top non-repeatable levels by time:
     D:6: 1750 daAuts
     D:8: 1725 daAuts
     D:5: 1149 daAuts
     D:7: 1017 daAuts
     D:9: 993 daAuts
    D:10: 975 daAuts
     D:4: 849 daAuts
     D:3: 748 daAuts
     D:1: 734 daAuts
     D:2: 656 daAuts
  Bailey: 558 daAuts
    D:11: 188 daAuts
  Temple: 165 daAuts
